 Dungeon Crawl Stone Soup version 0.28-a0-1395-g4f6bc678fa (webtiles) character file.

Game seed: 16028945662966239314

16 HallandMoats the Skirmisher (level 2, 24/24 HPs)
             Began as a Demonspawn Fighter on Jan 5, 2022.
             Was a Follower of Sif Muna.
             Got out of the dungeon alive.
             The game lasted 00:00:51 (1008 turns).

HallandMoats the Skirmisher (Demonspawn Fighter)    Turns: 1008, Time: 00:00:51

Health: 24/24      AC:  6    Str: 16    XL:     2   Next: 37%
Magic:  3/3        EV:  9    Int:  9    God:    Sif Muna [*.....]
Gold:   27         SH:  4    Dex: 12    Spells: 1/1 levels left

rFire   . . .      SeeInvis .   a - +0 long sword
rCold   . . .      Faith    .   c - +0 buckler
rNeg    . . .      Spirit   .   b - +0 scale mail
rPois   .          Reflect  .   (no helmet)
rElec   .          Harm     .   (no cloak)
rCorr   .          Rampage  .   (no gloves)
Will    .....                   (no boots)
Stlth   ..........              (no amulet)
HPRegen 0.08/turn               (no ring)
MPRegen 0.08/turn               (no ring)

@: no status effects
A: ignite blood 1
a: Renounce Religion, Channel Magic


You escaped.
You worshipped Sif Muna.
Sif Muna was aware of your devotion.
You visited 1 branch of the dungeon, and saw 1 of its levels.

You collected 27 gold pieces.

Inventory:

Hand Weapons
 a - a +0 long sword (weapon)
Armour
 b - a +0 scale mail (worn)
 c - a +0 buckler (worn)
Scrolls
 f - a scroll of brand weapon {unknown}
 g - 2 scrolls of teleportation {unknown}
Potions
 d - a potion of might
 e - a potion of lignification {unknown}


   Skills:
 + Level 3.1 Fighting
 + Level 1.9 Long Blades
 + Level 2.8 Armour
 + Level 0.2 Dodging
 + Level 2.7 Shields
 * Level 1.5 Invocations


You had one spell level left.
You didn't know any spells.
Your spell library contained the following spells:

 Spells                   Type           Power      Damage    Failure   Level
 Foxfire                  Conj/Fire      0%         2x1d4     86%         1
 Conjure Flame            Conj/Fire      0%         6-21      99%         3
 Inner Flame              Hex/Fire       0%         N/A       99%         3
 Flame Wave               Conj/Fire      0%         2d4       100%        4


Dungeon Overview and Level Annotations

Branches:
Dungeon (1/15)

Altars:
Sif Muna


Innate Abilities, Weirdness & Mutations

Your demonic aura sometimes causes spilled blood to erupt in flames.


Message History

A rat is nearby!
A rat is nearby!
A rat is nearby!
You closely miss the rat. The rat bites you.
The rat bites you but does no damage.
You hit the rat.
You kill the rat!
No target in view!
No target in view!
You now have 27 gold pieces (gained 14).
Found an escape hatch in the floor.
Found a whip.
Found a spear.
You see here a +0 spear.
A rat comes into view.
A rat is nearby!
A rat is nearby!
A rat is nearby!
The rat bites you.
You slash the rat!
You kill the rat!
No target in view!
No target in view!
Key pressed, stopping explore.
Things that are here:
a +0 dagger; a +0 club; 5 stones Done exploring.
Done exploring.
Done exploring.
Done exploring.
There is a faded altar of an unknown god here.
You cannot tell which god this altar belongs to.
Convert to them anyway?
Sif Muna accepts your prayer! Sif Muna welcomes you!
You can now call upon Sif Muna for magical energy.
There is a stone staircase leading down here.
There is an open door here.
There is a staircase leading out of the dungeon here.
Are you sure you want to leave the Dungeon?
This will make you lose the game!
You have escaped!

#.# ##.#..#.# #.#
#..#..#.# ## #.#
#.#####.#
.#####.######.......#
............##......#
#...........####'####
##.###.###### #...#
##.##.# #...# ##...#
#.@.# ##.##.# #...#
##.....# #####
#..##### .### .# ##


There were no monsters in sight!

Vanquished Creatures
  A dart slug (D:1)
  A bat (D:1)
  An endoplasm (D:1)
  A goblin (D:1)
  2 hobgoblins (D:1)
  A kobold (D:1)
  A quokka (D:1)
  A ball python (D:1)
  A frilled lizard (D:1)
  3 rats (D:1)
13 creatures vanquished.

Notes
Turn   | Place    | Note
-------+----------+-------------------------------------------
     0 | D:1      | HallandMoats the Demonspawn Fighter began the quest for the
                  | Orb.
     0 | D:1      | Reached XP level 1. HP: 18/18 MP: 1/1
   211 | D:1      | Reached skill level 1 in Invocations
   216 | D:1      | Gained mutation: Your demonic aura sometimes causes spilled
                  | blood to erupt in flames. [demonic ancestry]
   216 | D:1      | Reached XP level 2. HP: 22/24 MP: 2/2
   478 | D:1      | Found a faded altar of an unknown god.
   483 | D:1      | Got Plato's Papyrus of Heat
   918 | D:1      | Prayed at the altar of an unknown god.
   918 | D:1      | Became a worshipper of Sif Muna the Loreminder
   918 | D:1      | Reached * piety under Sif Muna
  1008 | D:$      | Got out of the dungeon alive.

Illustrated notes

Levels and vault maps discovered:
D:1:      dpeg_arrival_erosion, layout_loops_ring,
          shapermc_ecumenical_altar_rom_forum

Skill      XL: |  1 |
---------------+----+-----
Invocations    | 1 |  1.5
Fighting       | |  3.1
Long Blades    | |  1.9
Armour         | |  2.8
Dodging        | |  0.2
Shields        | |  2.7

Action                   || total
-------------------------++-------
Melee: Long sword        ||    47
Armor: Scale mail        ||    24
Dodge: Dodged            ||    15
Block: Buckler           ||    10

Table legend: (Time is in decaauts)
 A = Elapsed time spent in this place.
 B = Non-inter-level travel time spent in this place.
 C = Inter-level travel time spent in this place.
 D = Time resting spent in this place.
 E = Time spent auto-exploring this place.
 F = Levels seen in this place.
 G = Mean time per level.
                   A        B        C        D        E       F      G
               +--------+--------+--------+--------+--------+-----+--------+
         Total |   1023 |    878 |    145 |      0 |    775 |   1 | 1023.0 |
       Dungeon |   1023 |    878 |    145 |      0 |    775 |   1 | 1023.0 |
               +--------+--------+--------+--------+--------+-----+--------+

Top non-repeatable levels by time:
     D:1: 1023 daAuts
